 Dungeon Sprint DCSS version 0.30.1-6-gbe392663c4 (webtiles) character file.

Game seed: 14498382917002281543

7199 Heoruswealwe the Phalangite (level 10, -5/107 HPs)
             Began as a Minotaur Fighter on Sept 20, 2023.
             Was the Champion of the Shining One.
             Slain by a stone giant (33 damage)
             ... in the Dungeon (Sprint IX: "|||||||||||||||||||||||||||||").
             The game lasted 00:09:57 (773 turns).

Heoruswealwe the Phalangite (Minotaur Fighter)       Turns: 773, Time: 00:09:58

Health: -5/107     AC: 17    Str: 25    XL:     10   Next: 87%
Magic:  9/9        EV: 10    Int:  5    God:    the Shining One [******]
Gold:   19         SH:  0    Dex: 10    Spells: 9/9 levels left

rFire   . . .        b - +2 halberd (freeze)
rCold   . . .        (shield currently unavailable)
rNeg    + + +        c - +2 ring mail
rPois   .            (helmet restricted)
rElec   .            h - +0 cloak
rCorr   .            f - +0 pair of gloves
SInv    .            e - +0 pair of boots
Will    .....        (no amulet) Stlth
                     k - +2 ring of protection
HPRegen 0.37/turn    (no ring)
MPRegen 0.11/turn

%: no teleportation
@: glowing
A: horns 2, retaliatory headbutt
a: Renounce Religion, Divine Shield, Cleansing Flame, Summon Divine Warrior,
Brand Weapon With Holy Wrath


You were in the Dungeon.
You worshipped the Shining One.
The Shining One was exalted by your worship.
You visited 1 branch You collected 19 gold pieces.

Inventory:

Hand Weapons
 a - a +0 trident
 b - a +2 halberd of freezing (weapon)
Armour
 c - a +2 ring mail (worn)
 d - a +0 buckler
 e - a +0 pair of boots (worn)
 f - a +0 pair of gloves (worn)
 h - a +0 cloak (worn)
Jewellery
 k - a +2 ring of protection (left hand)
Wands
 m - a wand of iceblast (10)
Scrolls
 j - 2 scrolls of blinking
 n - 2 scrolls of identify
 o - 2 scrolls of enchant weapon
 q - a scroll of brand weapon
Potions
 g - a potion of might
 i - a potion of berserk rage
 l - 6 potions of curing
 p - a potion of cancellation
 r - 7 potions of heal wounds


   Skills:
 + Level 16.1 Fighting
 * Level 21.6 Polearms
 + Level 16.1 Armour
 - Level 3.6 Shields


You had 9 spell levels left.
You didn't know any spells.
Your spell library was empty.

Dungeon Overview and Level Annotations

Branches:
Dungeon (1/1)

Altars:
Cheibriados
Dithmenos
Elyvilon
Fedhas
Gozag
Hepliaklqana
Kikubaaqudgha
Makhleb
Nemelex Xobeh
Okawaru
Qazlal
Ru
Sif Muna
Trog
Uskayaw
Vehumet
Wu Jian
Xom
Yredelemnul
Zin
The Shining One
Jiyva
Lugonu


Innate Abilities, Weirdness & Mutations

You have a pair of horns on your head.
You reflexively headbutt those who attack you in melee.


Message History

You slice the orc warrior!! You freeze the orc warrior!
You kill the orc warrior!
Reach: b) +2 halberd (freeze)
Press: ? - help, Dir - move target, f - orc sorcerer
Aim: an orc sorcerer, wielding a +0 dagger and wearing a +0 robe (haloed, about 21% to evade your +2 halberd of freezing)
You reach to attack!
You spit the orc sorcerer like a pig!!! You freeze the orc sorcerer!
You kill the orc sorcerer!
The Shining One accepts your kill.
The stone giant throws a large rock.
The large rock hits you!!
Your Fighting skill increases to level 16!
Your Armour skill increases to level 16!
Reach: b) +2 halberd (freeze)
Press: ? - help, Dir - move target, f - stone giant
Aim: a stone giant, quivering large rocks (haloed, about 3% to evade your +2 halberd of freezing)
You reach to attack!
You completely miss the stone giant. You slash the stone giant!
You freeze the stone giant.
The stone giant is lightly wounded.
You puncture the stone giant! You freeze the stone giant!
The stone giant is heavily wounded.
The stone giant hits you!!
You hit the stone giant. You freeze the stone giant.
The stone giant is heavily wounded.
The stone giant hits you!
* * * LOW HITPOINT WARNING * * *
You feel much better. The stone giant hits you!!
* * * LOW HITPOINT WARNING * * *
You feel much better.
An orc warrior comes into view. It is wielding a +0 halberd.
The stone giant hits you!
The orc warrior shouts!
You puncture the stone giant! You freeze the stone giant!
The stone giant is severely wounded.
You puncture the stone giant! You freeze the stone giant.
You headbutt the stone giant, but do no damage.
The stone giant is almost dead.
The stone giant hits you!!
* * * LOW HITPOINT WARNING * * *
You feel much better. The stone giant hits you!!
You die...

▓<.!.).....).....'____________
▓▓▓▓▓▓▓▓▓▓▓▓▓▓▓▓▓▓▓▓▓▓▓▓▓▓▓▓▓▓
▓.............................
▓.▓▓▓▓▓▓▓▓▓▓▓▓▓▓▓▓▓▓▓▓▓▓▓▓▓▓▓▓
▓.......'......|.??...†.......
▓▓▓▓▓▓▓▓▓▓▓▓▓▓▓▓▓▓▓▓▓▓▓▓▓▓▓▓▓▓
▓............................)
▓.▓▓▓▓▓▓▓▓▓▓▓▓▓▓▓▓▓▓▓▓▓▓▓▓▓▓▓▓
▓............@C)$$o$$,,,,,,,+,
▓▓▓▓▓▓▓▓▓▓▓▓▓▓▓▓▓▓▓▓▓*********
*,,,,,,,,,,,,,,,,,,,,,,,,,,,,,
*,****************************
*,,,,,,,,,+,,,,,,,,,,,,,,,,,,,
******************************
*,,,,,,,,,,,,,,,,,,,,,,,,,,,,,
*,****************************
*,,,,,,,,,,,,,,,+,,,,,,,,,+,,,


You could see a stone giant and an orc warrior.

Vanquished Creatures
  A two-headed ogre (D)
  An ugly thing (D)
  A cyclops (D)
  An orc sorcerer (D)
  A black mamba (D)
  An elephant (D)
  Joseph (D)
  A cane toad (D)
  A torpor snail (D)
  A komodo dragon (D)
  A troll (D)
  2 hornets (D)
  A dream sheep (D)
  4 wraiths (D)
  A basilisk (D)
  A yak (D)
  A hell hound (D)
  2 wargs (D)
  5 water moccasins (D)
  2 orc warriors (D)
  6 wolves (D)
  A kobold brigand (D)
  4 bullfrogs (D)
  2 hounds (D)
  2 orc priests (D)
  A gnoll bouda (D)
  An orc wizard (D)
  An adder (D)
  4 orcs (D)
  An endoplasm (D)
  A goblin (D)
  2 bats (D)
  A frilled lizard (D)
57 creatures vanquished.

Notes
Turn   | Place    | Note
-------+----------+-------------------------------------------
     0 | D        | Heoruswealwe the Minotaur Fighter began the quest for the
                  | Orb.
     0 | D        | Reached XP level 1. HP: 19/19 MP: 0/0
    11 | D        | Reached skill level 3 in Polearms
    55 | D        | Noticed a hound
    55 | D        | Noticed a gnoll bouda
    55 | D        | Noticed a hound
    58 | D        | Reached skill level 4 in Polearms
    58 | D        | Reached XP level 2. HP: 28/28 MP: 1/1
    64 | D        | Reached skill level 5 in Fighting
    64 | D        | Reached skill level 6 in Polearms
    64 | D        | Reached skill level 5 in Armour
    64 | D        | Reached XP level 3. HP: 34/36 MP: 2/2
    71 | D        | Reached skill level 7 in Polearms
    71 | D        | Reached XP level 4. HP: 35/44 MP: 3/3
    75 | D        | Reached skill level 8 in Polearms
    82 | D        | Found a snail-covered altar of Cheibriados.
    82 | D        | Found a shadowy altar of Dithmenos.
    82 | D        | Found a white marble altar of Elyvilon.
    82 | D        | Found a blossoming altar of Fedhas.
    82 | D        | Found an opulent altar of Gozag.
    83 | D        | Found a hazy altar of Hepliaklqana.
    84 | D        | Found a viscous altar of Jiyva.
    85 | D        | Found an ancient bone altar of Kikubaaqudgha.
    86 | D        | Found a corrupted altar of Lugonu.
    87 | D        | Found a burning altar of Makhleb.
    88 | D        | Found a sparkling altar of Nemelex Xobeh.
    89 | D        | Found an iron altar of Okawaru.
    90 | D        | Found a stormy altar of Qazlal.
    91 | D        | Found a sacrificial altar of Ru.
    92 | D        | Found a shimmering blue altar of Sif Muna.
    93 | D        | Found a bloodstained altar of Trog.
    94 | D        | Found a hide-covered altar of Uskayaw.
    95 | D        | Found a radiant altar of Vehumet.
    96 | D        | Found an ornate altar of the Wu Jian Council.
    97 | D        | Found a shimmering altar of Xom.
    98 | D        | Found a basalt altar of Yredelemnul.
    99 | D        | Found a glowing silver altar of Zin.
   100 | D        | Found a glowing golden altar of the Shining One.
   108 | D        | Became a worshipper of the Shining One
   157 | D        | Noticed a hornet
   157 | D        | Noticed a hornet
   157 | D        | Noticed an orc warrior
   157 | D        | Noticed a wraith
   157 | D        | Reached * piety under the Shining One
   157 | D        | Noticed a wraith
   157 | D        | Noticed a kobold brigand
   157 | D        | Reached ** piety under the Shining One
   162 | D        | Killed a hornet
   163 | D        | Reached skill level 11 in Polearms
   163 | D        | Reached XP level 5. HP: 37/56 MP: 4/4
   163 | D        | Reached XP level 6. HP: 41/62 MP: 5/5
   166 | D        | Killed a hornet
   167 | D        | Reached skill level 12 in Polearms
   172 | D        | Killed an orc warrior
   173 | D        | Reached skill level 10 in Fighting
   173 | D        | Reached skill level 13 in Polearms
   173 | D        | Reached skill level 10 in Armour
   173 | D        | Reached XP level 7. HP: 30/72 MP: 6/6
   176 | D        | Killed a wraith
   181 | D        | Killed a wraith
   182 | D        | Reached skill level 14 in Polearms
   194 | D        | Noticed a two-headed ogre
   194 | D        | Noticed a troll
   194 | D        | Noticed a green ugly thing
   194 | D        | Reached *** piety under the Shining One
   194 | D        | Noticed a cyclops
   194 | D        | Noticed a wraith
   194 | D        | Noticed a wraith
   194 | D        | Reached **** piety under the Shining One
   199 | D        | Killed a two-headed ogre
   200 | D        | Reached skill level 16 in Polearms
   200 | D        | Reached XP level 8. HP: 53/83 MP: 7/7
   202 | D        | Killed a troll
   205 | D        | Killed a green ugly thing
   206 | D        | Reached skill level 17 in Polearms
   206 | D        | Reached XP level 9. HP: 59/92 MP: 8/8
   207 | D        | Killed a cyclops
   209 | D        | Reached skill level 18 in Polearms
   326 | D        | Noticed a cane toad
   326 | D        | Reached ***** piety under the Shining One
   332 | D        | Noticed a komodo dragon
   339 | D        | Killed a cane toad
   345 | D        | Reached skill level 19 in Polearms
   350 | D        | Killed a komodo dragon
   351 | D        | Reached XP level 10. HP: 86/104 MP: 9/9
   361 | D        | Noticed an elephant
   361 | D        | Noticed a torpor snail
   361 | D        | Noticed a black mamba
   364 | D        | Killed an elephant
   372 | D        | Killed a torpor snail
   373 | D        | Reached skill level 20 in Polearms
   378 | D        | Killed a black mamba
   379 | D        | Reached skill level 15 in Fighting
   379 | D        | Reached skill level 15 in Armour
   568 | D        | Reached ****** piety under the Shining One
   585 | D        | Reached skill level 21 in Polearms
   688 | D        | Noticed Joseph
   698 | D        | Killed Joseph
   755 | D        | Noticed an orc sorcerer
   757 | D        | Noticed a stone giant
   762 | D        | Killed an orc sorcerer
   773 | D        | Slain by a stone giant

Illustrated notes

Levels and vault maps discovered:
D:        linesprint [early_d, line_temple, items_1, d_10, items_2, lair_1,
          lair_end, items_3, orc_1, orc_end, items_4, d_15, swamp_1, shoals_1,
          snake_1, spider_1, d_20, vaults_1, items_5, swamp_end, shoals_end,
          snake_end, spider_end, vaults_end, d_27, items_6, zot_1, zot_end,
          crypt_end, forest_end, elf_end, slime_end, tomb_end, abyss_end,
          pan_hell_end]

Skill      XL: |  1  2  3  4  5  6  7  8  9 10 |
---------------+-------------------------------+-----
Polearms       | 4 6 7 11 13 16 17 19 21 | 21.6
Fighting       | 4 5 8 10 12 14 16 | 16.1
Armour         | 4 5 8 10 12 14 16 | 16.1
Shields        | |  3.6

Action                     |  1- 3 |  4- 6 |  7- 9 | 10-12 || total
---------------------------+-------+-------+-------+-------++-------
  Melee: Trident           |    28 |     5 |       |       ||    33
         Headbutt          |     6 |     3 |    10 |    15 ||    34
         Halberd           |       |    14 |    53 |    71 ||   138
    Use: Potion            |       |     1 |     2 |     3 ||     6
         Scroll            |       |       |     1 |       ||     1
 Armour: Scale mail        |    10 |     1 |       |       ||    11
         Ring mail         |       |     4 |    11 |    20 ||    35
  Dodge: Dodged            |     9 |     7 |     5 |    10 ||    31
  Block: Buckler           |     7 |       |       |       ||     7
